 Dungeon Crawl Stone Soup version 0.19-a0-1608-g4cf22de (webtiles) character file.

90554 jacquesderrida the Fencer (level 16, -8/88 HPs)
             Began as a Vine Stalker Skald on Sept 17, 2016.
             Was the Champion of Okawaru.
             Mangled by a wolf spider (15 damage)
             ... on level 4 of the Spider Nest.
             The game lasted 01:16:11 (11434 turns).

jacquesderrida the Fencer (Vine Stalker Skald)     Turns: 11434, Time: 01:16:13

Health: -8/88      AC: 11    Str: 15 (16) XL:     16   Next: 0%
Magic:  0/29       EV: 24    Int: 23 (24) God:    Okawaru [******]
Gold:   1283       SH:  0    Dex: 20      Spells: 5 memorised, 9 levels left

rFire  . . .     SeeInvis .     a - +9 triple sword (freeze)
rCold  + . .     Gourm    .     E - +0 leather armour {rPois}
rNeg   + . .     Faith    .     (shield currently unavailable)
rPois  +         Spirit   +     B - +1 hat
rElec  +         Dismiss  .     o - +1 cloak of Starlight {rElec rC+ EV+4 Stlth--}
rCorr  .         Reflect  .     N - +0 pair of gloves "Uttizerch" {rN+ Int+7}
MR     ++...     Harm     .     U - +1 pair of boots of Words of Power {Slay+2}
Stlth  ..........               G - amulet of regeneration
                                W - +5 ring of intelligence
                                S - ring of magical power

@: about to teleport
A: fangs 3, regeneration 2, magic shield, antimagic bite, no device heal 3, rot
immunity
a: Heroism, Finesse, Renounce Religion


You were on level 4 of the Spider Nest.
You worshipped Okawaru.
Okawaru was exalted by your worship.
You were not hungry.

You visited 5 branches of the dungeon, and saw 28 of its levels.
You also visited: Bailey and Ice Cave.

You collected 1905 gold pieces.
You spent 622 gold pieces at shops.

Inventory:

Hand Weapons
 a - a +9 triple sword of freezing (weapon)
 u - the +5 great sword "Zepaixeb" {freeze, rElec rF+ Int+2}
   (Okawaru gifted it to you on level 14 of the Dungeon)

   It has been specially enchanted to freeze those struck by it, causing extra
   injury to most foes and up to half again as much damage against particularly
   susceptible opponents.
   It can also slow down cold-blooded creatures.
   It affects your intelligence (+2).
   It protects you from fire.
   It insulates you from electricity.
 A - a +2 scimitar of flaming
Missiles
 Q - 5 javelins of penetration (quivered)
Armour
 g - a +0 fire dragon armour
 k - a +0 mottled dragon armour
 o - the +1 cloak of Starlight (worn) {rElec rC+ EV+4 Stlth--}
   (You found it on level 6 of the Dungeon)

   It affects your evasion (+4).
   It protects you from cold.
   It insulates you from electricity.
   It makes you much less stealthy.
 B - a +1 hat (worn)
 E - a +0 leather armour of poison resistance (worn)
 N - the +0 pair of gloves "Uttizerch" (worn) {rN+ Int+7}
   (You found it on level 1 of the Lair of Beasts)

   It affects your intelligence (+7).
   It protects you from negative energy.
 U - the +1 pair of boots of Words of Power (worn) {Slay+2}
   (You found it in an ice cave)

   It affects your accuracy and damage with ranged weapons and melee attacks
   (+2).
Jewellery
 b - an uncursed ring of resist corrosion
 G - an amulet of regeneration (around neck)
 K - an uncursed ring of fire
 S - a ring of magical power (left hand)
 W - a +5 ring of intelligence (right hand)
Wands
 j - a wand of iceblast (6/15)
 n - a wand of slowing (27/48)
 s - a wand of disintegration (14/24)
 t - a wand of teleportation (3/9)
 w - a wand of teleportation (7/9)
 O - a wand of disintegration (5/24)
 P - a wand of heal wounds (7/9)
 R - a wand of digging (7/24)
Scrolls
 f - a scroll of brand weapon {unknown}
 i - 2 scrolls of magic mapping
 l - a scroll of teleportation
 q - 2 scrolls of enchant armour {unknown}
 v - 2 scrolls of amnesia
 x - 2 scrolls of blinking
 y - 3 scrolls of remove curse
 F - a scroll of holy word {unknown}
 I - 2 scrolls of recharging
 T - 4 scrolls of immolation
Potions
 c - 2 potions of berserk rage
 e - 7 potions of curing
 h - 3 potions of magic
 m - 2 potions of might
 z - 3 potions of haste
 C - 3 potions of invisibility
 D - a potion of resistance
 H - a potion of ambrosia
 J - a potion of agility
 L - a potion of heal wounds {unknown}
 M - 3 potions of cancellation
Miscellaneous
 r - a box of beasts
Comestibles
 d - 9 bread rations
 p - 2 meat rations


   Skills:
 - Level 11.4 Fighting
 - Level 15.2 Long Blades
 - Level 9.4 Armour
 - Level 10.5 Dodging
 + Level 2.3 Spellcasting
 - Level 5.8 Hexes
 - Level 6.9 Charms
 + Level 0.4 Necromancy
 + Level 0.6 Translocations
 + Level 3.6 Invocations


You had 9 spell levels left.
You knew the following spells:

 Your Spells              Type           Power        Failure   Level  Hunger
a - Apportation           Tloc           #.........   14%         1    None
b - Blink                 Tloc           N/A          21%         2    ##.....
c - Infusion              Chrm           ####         1%          1    None
r - Regeneration          Chrm/Necr      ###.......   12%         3    ###....
s - Spectral Weapon       Hex/Chrm       ####....     4%          3    ###....


Dungeon Overview and Level Annotations

Branches:
Dungeon (15/15)            Temple (0/1) D:5            Lair (6/6) D:10
 Spider (4/4) Lair:4          Orc (2/2) D:10            Elf (1/3) Orc:2
 Depths (0/5) D:15
  Swamp: Lair:2-4    Shoals: Lair:2-4     Slime: Lair:5-6    Vaults: D:13-14

Altars:
Elyvilon
Makhleb
Nemelex Xobeh
Okawaru
Uskayaw
The Shining One
Beogh

Shops:
D:8 *   D:13 %   D:14 [   Orc:2 *([[


Innate Abilities, Weirdness & Mutations

You have razor-sharp teeth.
You heal very quickly.
When hurt, damage is shared between your health and your magic reserves.
Your bite disrupts and absorbs the magic of your enemies.
Potions and wands cannot restore your health.
You are immune to rotting.


Message History

As you read the scroll of teleportation, it crumbles to dust.
You feel strangely unstable.
The demonic crawler gives a hideous shriek!
You feel you are being watched by something.
Something hits you but does no damage. x2; Something closely misses you.
The wolf spider hits you! The wolf spider bites you!
* * * LOW HITPOINT WARNING * * *
You feel you are being watched by something.
Something barely misses you. Something hits you.
* * * LOW HITPOINT WARNING * * *
Something stings you but does no damage.
The wolf spider hits you!
* * * LOW HITPOINT WARNING * * *
The wolf spider misses you.
An emperor scorpion comes into view.
Unknown command.
The redback bites you!
* * * LOW HITPOINT WARNING * * *
The wolf spider hits you!
You die...

≈s.≈ ##).## .s.. ##.{## #s..^#
#sy..# ##s{## ##sss.## #
###..@...###
############..†.......#
#.....#..............#
##.....#.......#.#...##
.#^....#...###.#.######
.....^.#.#...#####....# ## ####
.^.....###...#...#...^###^####..#
............##...#...###...#....#
.............[...#^....#^^.#.....


You could see a demonic crawler, a wolf spider, an orb spider, 4 redbacks and a
wasp.

Vanquished Creatures
  Gastronok (Lair:2)
  A fire giant (D:15)
  An orc warlord (Orc:2)
  2 emperor scorpions
  Nessos (Lair:4)
  Azrael (D:14)
  A spark wasp (Spider:3)
  Snorg (Lair:4)
  A rakshasa (D:13)
  5 hydras
  2 centaur warriors
  Erica (Orc:1)
  2 tengu warriors
  8 death yaks
  An orc high priest (Orc:2)
  Nergalle (Lair:4)
  2 hill giants
  4 orc knights
  2 orb spiders
  2 deep elf magi
  9 wolf spiders
  3 orc sorcerers
  4 ugly things (D:15)
  5 manticores
  5 hornets
  A cyclops (D:12)
  A siren (Lair:4)
  An ice statue (IceCv)
  4 black mambas
  The ghost of Torious the Destroyer, a novice DECj of Sif Muna (D:7)
  4 centaur skeletons
  2 spiny frogs
  2 gargoyles
  3 komodo dragons
  A rime drake (Lair:5)
  9 ice devils
  3 demonic crawlers
  A tengu conjurer (D:14)
  5 polar bears (Lair:6)
  11 trolls
  A boulder beetle (Spider:4)
  19 jumping spiders
  2 two-headed ogres
  5 dream sheep (Lair:6)
  A slime creature (D:9)
  14 blink frogs
  7 hippogriffs
  12 tarantellas
  12 spriggans (Lair:6)
  A shadow (D:15)
  37 redbacks
  A vampire (D:14)
  A wraith (D:10)
  3 fire elementals (D:14)
  4 wyverns
  31 yaks
  2 basilisks
  3 hogs (D:7)
  A human (D:7)
  3 wargs
  10 water moccasins
  A soldier ant (shapeshifter) (D:15)
  6 porcupines
  3 hell hounds (D:14)
  31 orc warriors
  4 sky beasts
  A black bear (Lair:6)
  A black bear (shapeshifter) (D:15)
  3 necrophages
  An eye of draining (D:13)
  3 phantoms
  3 wasps
  10 ogres
  30 wolves
  4 boggarts (Lair:6)
  9 centaurs
  3 crocodiles
  A big kobold (D:8)
  A wyvern zombie (D:8)
  14 bullfrogs
  2 gnoll sergeants
  5 killer bees (D:13)
  A water moccasin skeleton (D:8)
  4 electric eels
  5 wights
  3 howler monkeys (D:10)
  6 crimson imps
  A centaur zombie (D:10)
  3 hounds
  15 orc priests
  5 jellies
  A quasit (D:6)
  2 bullfrog skeletons
  A gnoll shaman (Orc:1)
  6 iguanas
  19 orc wizards
  5 worker ants
  A hound zombie (D:9)
  A hound skeleton (D:9)
  The ghost of jacquesderrida the Charmwright, a weakling VSSk (D:3)
  18 gnolls
  4 adders
  9 river rats
  2 shadow imps (D:10)
  8 white imps (IceCv)
  8 ufetubi (IceCv)
  An adder zombie (D:10)
  A worm (D:3)
  A dart slug (D:2)
  3 leopard geckos
  89 orcs
  A bat (D:1)
  6 giant cockroaches
  4 hobgoblins (D:2)
  2 jackals (D:7)
  10 kobolds
  3 quokkas
  2 frilled lizards
  6 goblins
  A leopard gecko zombie (D:7)
  3 rats
683 creatures vanquished.

Vanquished Creatures (others)
  A centaur skeleton (D:14)
  3 white imps (IceCv)
  3 ufetubi (IceCv)
  A fungus (Lair:4)
  A plant (Lair:4)
  14 spectral weapons
  12 toadstools (Lair:4)
35 creatures vanquished.

Grand Total: 718 creatures vanquished

Notes
Turn   | Place    | Note
-------+----------+-------------------------------------------
     0 | D:1      | jacquesderrida the Vine Stalker Skald began the quest for the Orb.
     0 | D:1      | Reached XP level 1. HP: 11/11 MP: 4/4
    67 | D:1      | Reached skill level 2 in Long Blades
   118 | D:2      | Reached XP level 2. HP: 11/15 MP: 4/6
   149 | D:2      | Found a hide-covered altar of Uskayaw.
   167 | D:2      | Reached skill level 3 in Long Blades
   232 | D:1      | Reached XP level 3. HP: 15/18 MP: 7/7
   464 | D:3      | Found a glowing golden altar of the Shining One.
   753 | D:3      | Noticed jacquesderrida's ghost (weakling VSSk)
   763 | D:3      | Killed jacquesderrida's ghost
   763 | D:3      | Gained mutation: Your natural rate of healing is unusually fast. [Vine Stalker growth]
   763 | D:3      | Reached XP level 4. HP: 21/23 MP: 8/8
   862 | D:4      | Reached skill level 4 in Long Blades
   908 | D:4      | Found a burning altar of Makhleb.
   999 | D:3      | Found a white marble altar of Elyvilon.
  1040 | D:5      | Entered Level 5 of the Dungeon
  1102 | D:5      | Found a burning altar of Makhleb.
  1139 | D:5      | Found an iron altar of Okawaru.
  1147 | D:5      | Reached XP level 5. HP: 16/26 MP: 7/9
  1155 | D:5      | Became a worshipper of Warmaster Okawaru
  1250 | D:5      | Found a staircase to the Ecumenical Temple.
  1257 | D:5      | BLYAAAAAAAAAAA
  1298 | D:6      | Reached skill level 5 in Long Blades
  1446 | D:6      | Found a sparkling altar of Nemelex Xobeh.
  1496 | D:7      | Noticed an ogre
  1529 | D:6      | Noticed a necrophage
  1552 | D:6      | Killed a necrophage
  1552 | D:6      | Reached XP level 6. HP: 28/30 MP: 10/10
  1808 | D:8      | Noticed a yak
  1853 | D:7      | Reached skill level 6 in Long Blades
  1996 | D:7      | Reached XP level 7. HP: 35/35 MP: 11/11
  2028 | D:7      | Reached * piety under Okawaru
  2073 | D:7      | Noticed a hog
  2073 | D:7      | Noticed a human
  2073 | D:7      | Noticed a yak
  2073 | D:7      | Noticed a hog
  2074 | D:7      | Noticed a hog
  2093 | D:7      | Killed a human
  2093 | D:7      | Reached skill level 7 in Long Blades
  2100 | D:7      | Killed a hog
  2100 | D:7      | Reached ** piety under Okawaru
  2100 | D:7      | Gained mutation: You have razor-sharp teeth. [Vine Stalker growth]
  2100 | D:7      | Reached XP level 8. HP: 38/42 MP: 12/12
  2110 | D:7      | Reached skill level 8 in Long Blades
  2116 | D:7      | Killed a yak
  2147 | D:7      | Noticed Torious's ghost (novice DECj)
  2161 | D:7      | Killed Torious's ghost
  2161 | D:7      | Reached skill level 5 in Fighting
  2265 | D:8      | Reached skill level 9 in Long Blades
  2265 | D:8      | Reached XP level 9. HP: 36/47 MP: 13/13
  2365 | D:8      | Found Oshuceb's Assorted Antiques.
  2418 | D:7      | Reached *** piety under Okawaru
  2495 | D:8      | Reached skill level 10 in Long Blades
  2518 | D:8      | Bought a scroll labeled VICKOTHRAUGI for 24 gold pieces
  2518 | D:8      | Bought a scroll labeled AFAG COIN for 24 gold pieces
  2518 | D:8      | Bought a fuming pink potion for 21 gold pieces
  2518 | D:8      | Bought 2 yellow potions for 43 gold pieces
  2518 | D:8      | Bought a scroll of identify for 48 gold pieces
  2725 | D:8      | Reached skill level 1 in Armour
  2725 | D:8      | Reached skill level 1 in Dodging
  3021 | D:9      | Reached **** piety under Okawaru
  3021 | D:9      | Reached XP level 10. HP: 41/53 MP: 14/14
  3132 | D:9      | Noticed a tengu warrior
  3290 | D:10     | Entered Level 10 of the Dungeon
  3296 | D:10     | Found a staircase to the Orcish Mines.
  3424 | D:10     | Reached skill level 11 in Long Blades
  3445 | D:10     | Found a staircase to the Lair.
  3522 | D:11     | Learned a level 1 spell: Apportation
  3525 | D:11     | Learned a level 2 spell: Blink
  3529 | D:11     | Learned a level 3 spell: Regeneration
  3533 | D:11     | Learned a level 3 spell: Spectral Weapon
  3810 | D:10     | Received a gift from Okawaru
  3904 | D:10     | Reached skill level 1 in Invocations
  3913 | D:10     | Noticed a manticore
  3928 | D:10     | Killed a manticore
  4172 | D:12     | Noticed a manticore
  4181 | D:12     | Killed a manticore
  4225 | D:13     | Noticed a hill giant
  4225 | D:13     | Noticed a hill giant
  4244 | D:12     | Reached ***** piety under Okawaru
  4246 | D:12     | Reached XP level 11. HP: 49/59 MP: 15/15
  4280 | D:12     | Noticed a manticore
  4290 | D:12     | HP: 2/59 [manticore (14)]
  4291 | D:12     | Killed a manticore
  4391 | D:13     | Noticed a five-headed hydra
  4407 | D:12     | Noticed a cyclops
  4424 | D:12     | Killed a cyclops
  4424 | D:12     | Received a gift from Okawaru
  4443 | D:12     | Got a jewelled cloak {god gift}
  4456 | D:12     | Identified the +2 cloak "Kideed" {rElec Int+2 Dex+3} (Okawaru gifted it to you on level 12 of the Dungeon)
  4539 | D:13     | Noticed a hill giant
  4763 | Lair:1   | Entered Level 1 of the Lair of Beasts
  4852 | Lair:1   | Reached skill level 12 in Long Blades
  4887 | Lair:1   | Got a pair of encrusted gloves
  4898 | Lair:1   | Identified the +0 pair of gloves "Uttizerch" {rN+ Int+7} (You found it on level 1 of the Lair of Beasts)
  5048 | Lair:1   | Found a frozen archway.
  5060 | IceCv    | Entered an ice cave
  5159 | IceCv    | Got a pair of bloodstained boots
  5175 | IceCv    | Identified the +1 pair of boots of Words of Power {Slay+2} (You found it in an ice cave)
  5230 | IceCv    | Reached skill level 1 in Hexes
  5369 | IceCv    | Gained mutation: You heal very quickly. [Vine Stalker growth]
  5369 | IceCv    | Reached XP level 12. HP: 40/64 MP: 14/16
  5372 | IceCv    | Noticed a reaper
  5490 | IceCv    | Got a crude ring mail
  5582 | IceCv    | Identified the cursed +0 ring mail of Impressiveness {rElec rCorr Stlth-} (You found it in an ice cave)
  5685 | Lair:2   | Reached skill level 5 in Armour
  5740 | Lair:2   | Noticed a seven-headed hydra
  5753 | Lair:2   | Killed a 12-headed hydra
  5753 | Lair:2   | Reached skill level 5 in Dodging
  5772 | Lair:2   | Noticed Gastronok
  5838 | Lair:2   | Killed Gastronok
  5838 | Lair:2   | Received a gift from Okawaru
  5838 | Lair:2   | Reached skill level 5 in Charms
  5999 | Lair:4   | Found a hole to the Spider Nest.
  6154 | Lair:4   | Received a gift from Okawaru
  6206 | Lair:4   | Noticed Nessos
  6231 | Lair:4   | Killed Nessos
  6296 | Lair:4   | Noticed Snorg
  6302 | Lair:4   | Killed Snorg
  6302 | Lair:4   | Reached skill level 13 in Long Blades
  6346 | Lair:4   | Noticed Nergalle
  6353 | Lair:4   | Killed Nergalle
  6382 | Lair:5   | Reached skill level 5 in Hexes
  6383 | Lair:5   | Noticed an eight-headed hydra
  6389 | Lair:5   | Killed a 13-headed hydra
  6389 | Lair:5   | Reached XP level 13. HP: 44/68 MP: 17/17
  6578 | Lair:6   | Entered Level 6 of the Lair of Beasts
  6864 | Lair:6   | Received a gift from Okawaru
  6876 | Lair:6   | Got a slimy cloak {god gift}
  6895 | Lair:6   | Identified the +0 cloak of the Nexus {rF- rC+++ Int+2 Dex-2} (Okawaru gifted it to you on level 6 of the Lair of Beasts)
  6946 | Lair:6   | Reached ****** piety under Okawaru
  7514 | Lair:1   | Reached XP level 14. HP: 74/74 MP: 18/18
  7652 | Orc:1    | Entered Level 1 of the Orcish Mines
  7669 | Orc:1    | Noticed Erica
  7675 | Orc:1    | Killed Erica
  7675 | Orc:1    | Received a gift from Okawaru
  7820 | Orc:1    | Found a flagged portal.
  7836 | Bailey   | Entered a bailey
  8037 | Bailey   | Got a distressingly furry large shield
  8050 | Bailey   | Identified the cursed +0 large shield of Mysticism {Dex+5} (You found it in a bailey)
  8323 | Orc:1    | Found a roughly hewn altar of Beogh.
  8354 | Orc:2    | Entered Level 2 of the Orcish Mines
  8494 | Orc:2    | Noticed an orc warlord
  8499 | Orc:2    | Reached skill level 14 in Long Blades
  8506 | Orc:2    | Killed an orc warlord
  8618 | Orc:2    | Found Cunk's Antique Weapon Emporium.
  8619 | Orc:2    | Found a roughly hewn altar of Beogh.
  8620 | Orc:2    | Found Hipyjom's Antique Armour Shoppe.
  8634 | Orc:2    | Bought a bronze ring mail for 252 gold pieces
  8644 | Orc:2    | Identified the cursed +1 ring mail of Lopliluch {Str+2 Int+3 Dex+4} (You bought it in a shop on level 2 of the Orcish Mines)
  8697 | Orc:2    | Found a roughly hewn altar of Beogh.
  8791 | Orc:2    | Found a roughly hewn altar of Beogh.
  8865 | Orc:2    | Found a roughly hewn altar of Beogh.
  8880 | Orc:2    | Found Dahel's Assorted Antiques.
  8888 | Orc:2    | Bought 2 metallic dark potions for 46 gold pieces
  8955 | Orc:2    | Found a staircase to the Elven Halls.
  8993 | Orc:2    | Found a roughly hewn altar of Beogh.
  9007 | Orc:2    | Found Otyreg's Armour Emporium.
  9039 | Elf:1    | Entered Level 1 of the Elven Halls
  9511 | D:13     | Found Ipsuammi's Food Emporium.
  9531 | D:14     | Reached skill level 10 in Fighting
  9590 | D:14     | Noticed Azrael
  9604 | D:14     | Killed Azrael
  9618 | D:14     | Found Lutiram's Antique Armour Shoppe.
  9634 | D:14     | Bought a glowing hat for 164 gold pieces
  9686 | D:14     | Received a gift from Okawaru
  9691 | D:14     | Got an encrusted great sword {god gift}
  9693 | D:14     | Identified the +5 great sword "Zepaixeb" {freeze, rElec rF+ Int+2} (Okawaru gifted it to you on level 14 of the Dungeon)
  9725 | D:14     | Reached XP level 15. HP: 58/80 MP: 19/19
  9738 | D:15     | Entered Level 15 of the Dungeon
  9846 | D:15     | Noticed a fire giant
  9910 | D:15     | Killed a fire giant
  9922 | D:15     | Found a staircase to the Depths.
 10263 | Lair:2   | Received a gift from Okawaru
 10396 | Spider:1 | Entered Level 1 of the Spider Nest
 10748 | Spider:3 | Noticed an emperor scorpion
 10763 | Spider:3 | Killed an emperor scorpion
 10772 | Spider:3 | Reached skill level 10 in Dodging
 10855 | Spider:3 | Received a gift from Okawaru
 10858 | Spider:3 | Got a warped rapier {god gift}
 10859 | Spider:3 | Identified the +8 rapier "Obrenie" {venom, rN+ Dex+4 Stlth+} (Okawaru gifted it to you on level 3 of the Spider Nest)
 10981 | Spider:4 | Entered Level 4 of the Spider Nest
 11033 | Spider:4 | Reached skill level 15 in Long Blades
 11072 | Spider:4 | Noticed an emperor scorpion
 11088 | Spider:4 | Killed an emperor scorpion
 11227 | Spider:4 | Received a gift from Okawaru
 11426 | Spider:4 | Reached XP level 16. HP: 72/88 MP: 20/20
 11434 | Spider:4 | Mangled by a wolf spider

Vault maps used:
D:1:      lightli_arrival_windingriver
D:2:      minmay_roachtagon, eat_drink_and_be_merry_uskayaw,
          nicolae_overflow_crystal_walls, first_bread
D:3:      lemuel_doored_altar, nicolae_tso_carved_into_rock,
          uniq_crazy_yiuf_cottage
D:4:      old_standard_altar, sigmund_army
D:5:      marbit_many_paths, kennysheep_okawaru_gauntlet, serial_glass,
          glass_columns_a, glass_columns_b, due_unseen_surprise, basic_altar
D:6:      kennysheep_mini, lemuel_tele_altar
D:7:      grunt_livestock
D:8:      serial_shops, shop
D:9:      wad_bat_island, minmay_misc_feat_alley, minmay_evil_grid
D:10:     minmay_blocky_corners, lair_0_dummy, orc_0_dummy
D:13:     serial_shops, shop_fountains
D:14:     david_vaults_1, serial_shops, shop, minmay_misc_feat_rows, uniq_azrael
D:15:     grunt_enter_depths_giant_problem, hangedman_decor_growths
Lair:1:   portal_ice_cave_demonic_guard, guppyfry_lair_drakes
Lair:2:   grunt_megastairs_2, serial_bayou_shore_a, infiniplex_staircase_pool,
          uniq_gastronok
Lair:3:   beast_lair_carwin_3, grunt_megastairs_5, uniq_sonja
Lair:4:   gammafunk_lair_enchanted_lake, minmay_shoals_entry_lonely_mermaid,
          spider_nest_entry_a, uniq_nergalle, uniq_snorg, uniq_nessos
Lair:5:   slime_altar_2
Lair:6:   minmay_lair_end_enchanted_forest, disabler_island, lemuel_fruit_tree
Spider:2: uniq_arachne
Spider:3: hangedman_spider_tarantella_strand
Spider:4: guppyfry_spider_rune
Orc:1:    lightli_bailey_entry_fortress, basic_altar, mines5_lemuel, uniq_erica
Orc:2:    grunt_orc_community_town_hall, grunt_orc_community_big_house_2,
          grunt_orc_community_big_house_2, grunt_orc_community_house_3,
          grunt_orc_community_house_1, grunt_orc_community_house_2,
          grunt_orc_community_house_3
Elf:1:    serial_shops, nicolae_shop_behind_doors, minmay_elf_annihilation,
          minmay_shop_grove
Bailey:   bailey_polearm_1, bailey
IceCv:    ice_cave_small_demon

Skill      XL: |  1  2  3  4  5  6  7  8  9 10 11 12 13 14 15 |
---------------+----------------------------------------------+-----
Long Blades    | 2 3 4 5 6 7 9 10 11 12 13 14 15 | 15.2
Fighting       | 2 4 5 6 7 8 10 11 | 11.4
Armour         | 1 3 4 6 7 9 |  9.4
Dodging        | 1 3 4 6 7 9 10 | 10.5
Invocations    | 2 3 |  3.6
Hexes          | 1 5 |  5.8
Charms         | 4 6 |  6.9
Spellcasting   | |  2.3
Necromancy     | |  0.4
Translocations | |  0.6

Action                   |  1- 3 |  4- 6 |  7- 9 | 10-12 | 13-15 | 16-18 || total
-------------------------+-------+-------+-------+-------+-------+-------++-------
Melee: Falchion          |    64 |   158 |   219 |       |       |       ||   441
       Bite              |     9 |    45 |   101 |   167 |   270 |       ||   592
       Punch             |       |       |     4 |       |       |       ||     4
       Great sword       |       |       |    37 |   427 |     5 |       ||   469
       Scimitar          |       |       |       |     6 |       |       ||     6
       Triple sword      |       |       |       |    95 |   940 |     5 ||  1040
Throw: Javelin           |       |       |       |     2 |     6 |       ||     8
 Cast: Spectral Weapon   |       |       |       |    18 |    64 |       ||    82
       Regeneration      |       |       |       |     1 |       |       ||     1
       Apportation       |       |       |       |       |     1 |       ||     1
Invok: Heroism           |       |       |     3 |    20 |    22 |       ||    45
       Finesse           |       |       |       |     1 |       |       ||     1
Evoke: Wand              |       |     2 |       |    14 |     3 |       ||    19
  Use: Scroll            |     3 |     3 |     7 |    16 |    10 |     1 ||    40
       Potion            |     3 |       |       |     1 |     5 |     1 ||    10
  Eat: Chunk             |       |     4 |     3 |    11 |    21 |       ||    39
       Fruit             |       |       |       |     3 |       |       ||     3
       Meat ration       |       |       |       |       |     1 |       ||     1
       Beef jerky        |       |       |       |       |     1 |       ||     1
Armor: Leather armour    |     5 |       |       |    45 |    87 |    11 ||   148
       Scale mail        |    12 |    69 |    42 |    64 |       |       ||   187
       Skin              |       |       |       |     7 |     2 |       ||     9
       Mottled dragon ar |       |       |       |       |    75 |       ||    75
Dodge: Dodged            |    36 |    85 |   104 |   325 |   975 |    17 ||  1542
